 Dungeon Crawl Stone Soup version 0.26.0-9-gab577f9fc5 (webtiles) character file.

Game seed: 12819006296852481023

609 Descartes the Sneak (level 7, -1/54 HPs)
             Began as a Deep Elf Hedge Wizard on Jan 13, 2021.
             Was an Initiate of Gozag.
             Slain by an iguana (3 damage)
             ... on level 5 of the Dungeon.
             The game lasted 00:11:41 (5065 turns).

Descartes the Sneak (Deep Elf Hedge Wizard)         Turns: 5065, Time: 00:11:42

Health: -1/54      AC: 23    Str:  7    XL:     7   Next: 19%
Magic:  13/18      EV:  2    Int: 21    God:    Gozag
Gold:   89         SH:  0    Dex: 14    Spells: 15/18 levels left

rFire    . . .     SeeInvis +   i - +2 falchion (holy)
rCold    . . .     Faith    .   (no shield)
rNeg     + + +     Spirit   .   (armour currently unavailable)
rPois    +         Reflect  .   (helmet currently unavailable)
rElec    .         Harm     .   (cloak currently unavailable)
rCorr    .         Rampage  .   (gloves currently unavailable)
Will     .....     NoTele   +   (boots currently unavailable)
Stlth    +++.......             g - amulet of magic regeneration
HPRegen  0.18/turn              r - ring of see invisible
MPRegen  0.41/turn              (no ring)

@: tree-form
A: mutation resistance 1
a: Renounce Religion, Potion Petition, Call Merchant, Bribe Branch


You were on level 5 of the Dungeon.
You worshipped Gozag.
Gozag was noncommittal.
You were a tree.
You visited 2 branches of the dungeon, and saw 6 of its levels.

You collected 261 gold pieces.
You spent 121 gold pieces at shops.
You paid 51 gold pieces to Gozag.

Inventory:

Hand Weapons
 a - a +0 dagger
 i - a +2 falchion of holy wrath (weapon)
Missiles
 k - 110 stones
 n - 5 javelins
 p - 42 arrows
Armour
 b - a +0 robe
 c - a +0 hat (melded)
 e - a +0 pair of gloves (melded)
 l - a +0 leather armour (melded)
Jewellery
 g - an amulet of magic regeneration (around neck)
 r - a ring of see invisible (left branch)
Wands
 d - a wand of random effects (38)
 t - a wand of flame (20)
Scrolls
 f - 3 scrolls of teleportation
 h - 2 scrolls of remove curse
 j - a scroll of blinking
 m - a scroll of magic mapping {unknown}
 v - a scroll of amnesia {unknown}
Potions
 o - a potion of lignification
 q - a potion of cancellation
 u - a potion of brilliance


   Skills:
 - Level 2.4 Dodging
 + Level 6.2 Stealth
 + Level 6.2 Spellcasting
 + Level 5.9 Conjurations
 - Level 1.1 Summonings
 - Level 1.1 Translocations


You had 15 spell levels left.
You knew the following spells:

 Your Spells              Type           Power        Failure   Level
a - Magic Dart            Conj           100%         1%          1
b - Blink                 Tloc           N/A          10%         2

Your spell library contained the following spells:

 Spells                   Type           Power        Failure   Level
 Conjure Flame            Conj/Fire      19%          9%          3
 Call Imp                 Summ           11%          10%         2
 Mephitic Cloud           Conj/Pois/Air  14%          13%         3
 Slow                     Hex            6%           14%         2


Dungeon Overview and Level Annotations

Branches:
Dungeon (5/15)             Temple (1/1) D:4

Altars:
Ashenzari
Cheibriados
Dithmenos
Fedhas
Gozag
Hepliaklqana
Kikubaaqudgha
Nemelex Xobeh
Qazlal
Ru
Sif Muna
Trog
Uskayaw
Vehumet
Wu Jian
Yredelemnul
Zin
The Shining One

Shops:
D:4 *([**


Innate Abilities, Weirdness & Mutations

((You have a pair of horns on your head.))
You are somewhat resistant to further mutation.
((You are covered in fur. (AC +1)))


Message History

The magic dart hits the iguana.
The iguana is severely wounded.
The iguana bites you. The frilled lizard closely misses you.
Casting: Magic Dart (safe; 1% risk of failure)
Confirm with . or Enter, or press ? or * to list all spells.
Aiming: Magic Dart (safe; 1% risk of failure)
Press: ? - help, Shift-Dir - straight line, f/p - iguana
Aim: an iguana (severely wounded, 0% to evade)
The magic dart hits the iguana.
The iguana is almost dead.
The iguana bites you!
* * * LOW HITPOINT WARNING * * *
The frilled lizard misses you.
Really quaff the potion of lignification?
You turn into a tree.
Your +0 hat melds into your body.
Your +0 pair of gloves melds into your body.
Your +0 leather armour melds into your body.
Your roots penetrate the ground.
The iguana bites you.
You die...
Your body crumbles into a pile of gold.

#. .# . #...# .#
.. ....#..# ...
#...#..# #...
#.#.#..# #.
#....#.#.#..#
#..#. #...l....#
$ #..#. #l♣....#
.#..#. ###....#
......######....#
$ #...#........#
#.......###....#
#...#.#)# ..###
#...#.#)# ..#
#...#.#.# .#
#...#.#.####.#


You could see an iguana and a frilled lizard.

Vanquished Creatures
  Grinder (D:4)
  Sigmund (D:3)
  An orc wizard (D:3)
  A bullfrog skeleton (D:4)
  An iguana (D:5)
  2 worker ants
  3 adders
  An ooze (D:2)
  A worm (D:4)
  3 dart slugs
  A leopard gecko (D:1)
  10 orcs
  A ball python (D:1)
  5 giant cockroaches
  6 hobgoblins
  A quokka (D:2)
  6 bats
  6 frilled lizards
  8 goblins
  5 kobolds
  8 rats
72 creatures vanquished.

Notes
Turn   | Place    | Note
-------+----------+-------------------------------------------
     0 | D:1      | Descartes the Deep Elf Hedge Wizard began the quest for the
                  | Orb.
     0 | D:1      | Reached XP level 1. HP: 10/10 MP: 7/7
   247 | D:1      | Reached XP level 2. HP: 15/15 MP: 3/9
  1020 | D:2      | Reached skill level 5 in Spellcasting
  1081 | D:2      | Reached XP level 3. HP: 18/19 MP: 4/11
  2376 | D:3      | Found a hide-covered altar of Uskayaw.
  2457 | D:3      | Reached XP level 4. HP: 18/24 MP: 2/13
  2733 | D:3      | Found a basalt altar of Yredelemnul.
  2828 | D:3      | Noticed Sigmund
  2836 | D:3      | Killed Sigmund
  2837 | D:3      | Reached skill level 5 in Stealth
  2837 | D:3      | Reached skill level 5 in Conjurations
  2837 | D:3      | Reached XP level 5. HP: 5/28 MP: 7/14
  3292 | D:3      | Reached XP level 6. HP: 12/32 MP: 8/15
  3689 | D:4      | Found an opulent altar of Gozag.
  3703 | D:4      | Found a sacrificial altar of Ru.
  3715 | D:4      | Became a worshipper of Gozag Ym Sagoz the Greedy
  3812 | D:4      | Found Ocriorir's General Store.
  3922 | D:4      | Found Lineorej's General Store.
  3924 | D:4      | Found Hyufageo's Weapon Boutique.
  3926 | D:4      | Bought a potion of mutation for 88 gold pieces
  3926 | D:4      | Bought a potion of curing for 33 gold pieces
  3932 | D:4      | Gained mutation: You have a pair of small horns on your
                  | head. [potion of mutation]
  3932 | D:4      | Gained mutation: You have a pair of horns on your head.
                  | [potion of mutation]
  3932 | D:4      | Gained mutation: You are somewhat resistant to further
                  | mutation. [potion of mutation]
  3932 | D:4      | Gained mutation: You are covered in fur. (AC +1) [potion of
                  | mutation]
  4004 | D:4      | Noticed Grinder
  4006 | D:4      | Paralysed by Grinder for 2 turns
  4031 | D:4      | Killed Grinder
  4032 | D:4      | Reached XP level 7. HP: 23/36 MP: 11/17
  4199 | D:4      | Learned a level 2 spell: Blink
  4434 | D:4      | Found Zyeh's Assorted Antiques.
  4496 | D:4      | Found a staircase to the Ecumenical Temple.
  4555 | D:4      | Found Cegepp's Antique Armour Shoppe.
  4639 | Temple   | Entered the Ecumenical Temple
  4746 | D:5      | Entered Level 5 of the Dungeon
  4773 | D:5      | HP: 1/36 [orc/+0 club (2)]
  5064 | D:5      | HP: 1/36 [iguana (10)]
  5065 | D:5      | Slain by an iguana

Illustrated notes

Levels and vault maps discovered:
D:1:      mrwooster_arrival_arrow, layout_rooms, st_stairs_3
D:2:      layout_basic, chequers_serial_rivers_room_a
D:3:      layout_basic, eat_drink_and_be_merry_uskayaw,
          yredelemnul_altar_generic, uniq_sigmund
D:4:      layout_basic, nicolae_ru_awakened_eye, kennysheep_mini_moat,
          minmay_temple_entry_gardened_gates, serial_shops, shop, shop,
          kennysheep_little_box, kennysheep_mini, shop, uniq_grinder
D:5:      layout_basic, serial_corexii_hall, chequers_hall_statues_corner_a,
          corexii_hall_statues_s
Temple:   jpeg_temple_clearing

Skill      XL: |  1  2  3  4  5  6  7 |
---------------+----------------------+-----
Stealth        | 3 4 5 6 |  6.2
Conjurations   | 2 3 5 |  5.9
Spellcasting   | 5 6 |  6.2
Dodging        | |  2.4
Summonings     | |  1.1
Translocations | |  1.1

Action                   |  1- 3 |  4- 6 |  7- 9 || total
-------------------------+-------+-------+-------++-------
Melee: Dagger            |       |     1 |       ||     1
       Falchion          |       |       |     9 ||     9
       Headbutt          |       |       |     3 ||     3
 Cast: Magic Dart        |   124 |    62 |    36 ||   222
  Use: Scroll            |     5 |     4 |       ||     9
       Potion            |     1 |     1 |     3 ||     5
 Stab: Sleeping          |       |     1 |     1 ||     2
Armor: Leather armour    |     7 |     5 |     3 ||    15
Dodge: Dodged            |    17 |     5 |    22 ||    44
       Rpst.: Falchion   |       |       |     7 ||     7
